Workbook
Name _____________CON123: '[1]Base Datos'!$B$8
Name _____________EQP1: #REF!
Name _____________EQP2: #REF!
Name _____________EQP3: #REF!
Name _____________EQP4: #REF!
Name _____________M14: '[1]Base Datos'!$B$9
Name _____________MAT1111: '[1]Base Datos'!$B$43
Name _____________MAT170: '[2]Base Datos'!$B$212
Name _____________MAT171: '[2]Base Datos'!$B$213
Name _____________MAT832: '[3]Base Datos'!$B$125
Name _____________MAY88: '[4]Base Datos'!$B$11
Name _____________MO2: #REF!
Name _____________MO3: #REF!
Name ____________A1: #REF!
Name ____________EQP10: #REF!
Name ____________EQP11: #REF!
Name ____________EQP12: #REF!
Name ____________EQP13: #REF!
Name ____________EQP14: #REF!
Name ____________EQP15: #REF!
Name ____________EQP16: #REF!
Name ____________EQP17: #REF!
Name ____________EQP18: #REF!
Name ____________EQP19: #REF!
Name ____________EQP20: #REF!
Name ____________eqp27: #REF!
Name ____________EQP5: #REF!
Name ____________EQP6: #REF!
Name ____________EQP7: #REF!
Name ____________EQP8: #REF!
Name ____________EQP9: #REF!
Name ____________MAT1: #REF!
Name ____________MAT10: #REF!
Name ____________MAT100: #REF!
Name ____________MAT101: #REF!
Name ____________MAT102: #REF!
Name ____________MAT103: #REF!
Name ____________MAT104: #REF!
Name ____________MAT105: #REF!
Name ____________MAT106: #REF!
Name ____________MAT107: #REF!
Name ____________MAT108: #REF!
Name ____________MAT109: #REF!
Name ____________MAT11: #REF!
Name ____________MAT110: #REF!
Name ____________MAT111: #REF!
Name ____________MAT112: #REF!
Name ____________MAT113: #REF!
Name ____________MAT114: #REF!
Name ____________MAT115: #REF!
Name ____________MAT116: #REF!
Name ____________MAT117: #REF!
Name ____________MAT118: #REF!
Name ____________MAT119: #REF!
Name ____________MAT12: #REF!
Name ____________MAT120: #REF!
Name ____________MAT121: #REF!
Name ____________MAT122: #REF!
Name ____________MAT123: #REF!
Name ____________MAT124: #REF!

Sheet PRESUPUESTO
A1: " MEJORAMIENTO, ADECUACIÓN MENOR Y MANTENIMIENTO DE LA INFRAESTRUCTURA DE LAS INSTITUCIONES EDUCATIVAS URBANAS Y RURALES DEL MUNICIPIO DE SAN JOSÉ DE CÚCUTA"
A2: SECRETARIA DE EDUCACION MUNICIPAL
A3: SUBSECRETARIA DE PLANEACIÓN Y DESARROLLO EDUCATIVO
A4: PRESUPUESTO GENERAL DEL PROYECTO | G4: FECHA: JULIO 2023
A5: NOMBRE DE LA INSTUTUCION | C5: COLEGIO MUNICIPAL MARIA CONCEPCION LOPERENA | F5: CODIGO DANE | G5: 154001011044
A6: DIRECCION | C6: AV LIBERTADORES NO 16E-30 BARRIO SAN EDUARDO | F6: ZONA | G6: URBANA
A8: ITEM | B8: ESP-TEC | C8: DESCRIPCION | D8: UNIDAD | E8: CANTIDAD | F8: VALOR UNITARIO | G8: VALOR TOTAL
A9: PRELIMINARES
A10: 1.0 PRELIMINARES
A11: 1.1 | C11: DESMONTE, DEMOLICIONES Y RETIRO DE ALISTADO O PLANTILLA DE NIVELACION DE PISO (TORTA) CONSIDERANDO EL ESTADO DE LA MISMA EN EL SITIO | D11: M2 | E11: =+'MEM CANTIDADES'!AO27 -> 146.358 | F11: =+'APUS '!H28 -> 18240 | G11: =F11*E11 -> 2669569.9
A12: SUB - TOTAL ACTIVIDAD | G12: =SUM(G11:G11) -> 2669569.9
A13: 2.0 MAMPOSTERIA, PISOS Y GUARDAESCOBAS
A14: 2.1 | C14: SUMINISTRO DE MATERIALES Y HECHURA DE PLANTILLA DE NIVELACION Y/O AFINADO DE PISO EN MORTERO 1:3 PARA PEGA DEL NUEVO ACABADO DE PISO, ESPESOR MÍNIMO DE 3 CMS. INCLUYE EL RETIRO DE IRREGULARIDADES QUE PUEDAN QUEDAR DESPUES DE DEMOLER EL ACTUAL ACABADO Y LA PLANTILLA DE PISO. | D14: M2 | E14: ='MEM CANTIDADES'!AO45 -> 146.358 | F14: ='APUS '!H58 -> 25798 | G14: =E14*F14 -> 3775743.7
A15: 2.2 | C15: SUMINISTRO E INSTALACION de pisos en tablon de gress de 30 x 30 o 33 x 33 incluye mortero de pega. | D15: M2 | E15: =+'MEM CANTIDADES'!AO64 -> 146.358 | F15: =+'APUS '!H89 -> 70029 | G15: =E15*F15 -> 10249304
A16: SUB - TOTAL ACTIVIDAD | G16: =SUM(G14:G15) -> 14025048
A17: 3.0 CUBIERTAS Y ESTRUCTURAS METALICAS
A18: 3.1 | C18: MANTENIMIENTO DE TERRAZAS con suministro y aplicación de manto impermeabilizante tipo N 4 o similar, (incluye correccion de pendiente, construccion de mediacañas y desmonte de manto o impermeabilizacion existente en caso de requerirse) | D18: M2 | E18: ='MEM CANTIDADES'!AO85 -> 343.35 | F18: =+'APUS '!H119 -> 79263 | G18: =E18*F18 -> 27214951
A19: 3.2 | C19: SUMINISTRO E INSTALACION de baranda en tubo metálico de 11/2" y tensores de 2 filas en tubo metálico de 1", apoyada sobre parales en platina de acero de 2" X 3/16" y anclaje epoxico Hilti RD500 | D19: ML | E19: ='MEM CANTIDADES'!AO104 -> 10.6 | F19: ='APUS '!H147 -> 214921 | G19: =E19*F19 -> 2278162.6
A20: SUB TOTAL ACTIVIDAD | G20: =SUM(G18:G19) -> 29493114
A21: 4.0 PINTURA
A22: 4.1 | C22: SUMINISTRO DE MATERIALES Y APLICACIÓN DE TRES (3) MANOS DE PINTURA VINILICA PARA MUROS TIPO 1(INCLUYE RESANES) COLOR A ESCOGER. | D22: M2 | E22: ='MEM CANTIDADES'!AO125 -> 416.884 | F22: =+'APUS '!H178 -> 15915.392 | G22: =+F22*E22 -> 6634872.3
A23: SUB - TOTAL ACTIVIDAD | G23: =SUM(G22:G22) -> 6634872.3
A24: 5.0 VARIOS
A25: 5.1 | C25: SUMINISTRO E INSTALACION de cinta antideslizante | D25: ML | E25: ='MEM CANTIDADES'!AO145 -> 105.1715 | F25: ='APUS '!H205 -> 27908.949 | G25: =+F25*E25 -> 2935226.1
A26: 5.2 | C26: ASEO GENERAL Y LIMPIEZA EN SUS ALREDEDORES Y AREAS INTERVENIDAS (Incluye pisos y muros de aulas, pasillos y zona de exparcimiento) | D26: M2 | E26: ='MEM CANTIDADES'!AO167 -> 480 | F26: ='APUS '!H233 -> 14034.802 | G26: =+F26*E26 -> 6736704.9
A27: SUB - TOTAL ACTIVIDAD | G27: =SUM(G25:G26) -> 9671931
A29: TOTAL COSTOS DIRECTOS | G29: =ROUND(G12+G16+G20+G27+G23,-3) -> 62495000
A31: ADMINISTRACIÓN | F31: 0.24 | G31: =+G29*F31 -> 14998800
A32: IMPREVISTOS | F32: 0.01 | G32: =+G29*F32 -> 624950
A33: UTILIDAD | F33: 0.05 | G33: =+G29*F33 -> 3124750
A35: TOTAL COSTOS INDIRECTOS | G35: =SUM(G31:G33) -> 18748500
A38: TOTAL COSTO PROYECTO | G38: =ROUND(G29+G35,-3) -> 81244000
A41: VALOR EN LETRA: OCHENTA Y UN MILLONES DOSCIENTOS CUARENTA Y CUATRO MIL PESOS M/CTE
A43: SECRETARIA DE EDUCACION MUNICIPAL
A44: SUBSECRETARIA DE PLANEACIÓN Y DESARROLLO EDUCATIVO
A45: MUNICIPIO DE CÚCUTA

Sheet MEM CANTIDADES
B2: " MEJORAMIENTO, ADECUACIÓN MENOR Y MANTENIMIENTO DE LA INFRAESTRUCTURA DE LAS INSTITUCIONES EDUCATIVAS URBANAS Y RURALES DEL MUNICIPIO DE SAN JOSÉ DE CÚCUTA"
B6: MEMORIAS DE CANTIDADES DE OBRA | AN6: FECHA: JULIO DE 2023
J8: MEMORIAS DE CANTIDADES DE OBRA | AO8: CÓDIGO:
AO9: VERSIÓN:
AO10: FECHA:
B12: PROYECTO: | I12: =+PRESUPUESTO!$A$1 -> " MEJORAMIENTO, ADECUACIÓN MENOR Y MANTENIMIENTO DE LA INFRAESTRUCTURA DE LAS INSTITUCIONES EDUCATIVAS URBANAS Y RURALES DEL MUNICIPIO DE SAN JOSÉ DE CÚCUTA" | AC12: FECHA: | AI12: DD | AJ12: MM | AK12: AAAA | AM12: TIPO DE CONTRATO:
AM13: CORTE Nº:
B14: CONTRATISTA | AC14: NIT O C.C. | AM14: UNIDAD | AO14: =PRESUPUESTO!D11 -> M2
B15: CAPITULO: | J15: =PRESUPUESTO!$A$10 -> 1.0 PRELIMINARES | AH15: Nº | AI15: DIMENSIONES | AL15: AREA | AM15: CANT | AN15: UBICACIÓN / DESCRIPCIÓN | AO15: TOTAL
B16: ITEM: | J16: =+PRESUPUESTO!A11 -> 1.1 | L16: =+PRESUPUESTO!C11 -> DESMONTE, DEMOLICIONES Y RETIRO DE ALISTADO O PLANTILLA DE NIVELACION DE PISO (TORTA) CONSIDERANDO EL ESTADO DE LA MISMA EN EL SITIO | AI16: LARGO | AJ16: ANCHO | AK16: ALTO
AI18: =(18+4.2+2.45) -> 24.65 | AJ18: =(2.65+2.03) -> 4.68 | AL18: =AI18*AJ18 -> 115.362 | AM18: 1 | AN18: AREA 4 | AO18: =+AL18*AM18 -> 115.362
AI19: 7.38 | AJ19: 4.2 | AL19: =AI19*AJ19 -> 30.996 | AM19: 1 | AN19: AREA 7 | AO19: =+AL19*AM19 -> 30.996
B26: OBSERVACIONES:
AM27: =+J16 -> 1.1 | AN27: TOTAL | AO27: =SUM(AO18+AO19) -> 146.358
B30: PROYECTO: | I30: =+PRESUPUESTO!$A$1 -> " MEJORAMIENTO, ADECUACIÓN MENOR Y MANTENIMIENTO DE LA INFRAESTRUCTURA DE LAS INSTITUCIONES EDUCATIVAS URBANAS Y RURALES DEL MUNICIPIO DE SAN JOSÉ DE CÚCUTA" | AC30: FECHA: | AI30: DD | AJ30: MM | AK30: AAAA | AM30: TIPO DE CONTRATO:
AM31: CORTE Nº:
B32: CONTRATISTA | AC32: NIT O C.C. | AM32: UNIDAD | AO32: =PRESUPUESTO!D14 -> M2
B33: CAPITULO: | J33: =PRESUPUESTO!A13 -> 2.0 MAMPOSTERIA, PISOS Y GUARDAESCOBAS | AH33: Nº | AI33: DIMENSIONES | AL33: AREA | AM33: CANT | AN33: UBICACIÓN / DESCRIPCIÓN | AO33: TOTAL
B34: ITEM: | J34: =PRESUPUESTO!A14 -> 2.1 | L34: =PRESUPUESTO!C14 -> SUMINISTRO DE MATERIALES Y HECHURA DE PLANTILLA DE NIVELACION Y/O AFINADO DE PISO EN MORTERO 1:3 PARA PEGA DEL NUEVO ACABADO DE PISO, ESPESOR MÍNIMO DE 3 CMS. INCLUYE EL RETIRO DE IRREGULARIDADES QUE PUEDAN QUEDAR DESPUES DE DEMOLER EL ACTUAL ACABADO Y LA PLANTILLA DE PISO. | AI34: LARGO | AJ34: ANCHO | AK34: ALTO
AI36: =(18+4.2+2.45) -> 24.65 | AJ36: =(2.65+2.03) -> 4.68 | AL36: =AI36*AJ36 -> 115.362 | AM36: 1 | AN36: AREA 4 | AO36: =AL36*AM36 -> 115.362
AI37: 7.38 | AJ37: 4.2 | AL37: =AI37*AJ37 -> 30.996 | AM37: 1 | AN37: AREA 7 | AO37: =AL37*AM37 -> 30.996
B44: OBSERVACIONES:
AM45: =+J34 -> 2.1 | AN45: TOTAL | AO45: =AO36+AO37 -> 146.358
B49: PROYECTO: | I49: =+PRESUPUESTO!$A$1 -> " MEJORAMIENTO, ADECUACIÓN MENOR Y MANTENIMIENTO DE LA INFRAESTRUCTURA DE LAS INSTITUCIONES EDUCATIVAS URBANAS Y RURALES DEL MUNICIPIO DE SAN JOSÉ DE CÚCUTA" | AC49: FECHA: | AI49: DD | AJ49: MM | AK49: AAAA | AM49: TIPO DE CONTRATO:
AM50: CORTE Nº:
B51: CONTRATISTA | AC51: NIT O C.C. | AM51: UNIDAD | AO51: =PRESUPUESTO!D15 -> M2
B52: CAPITULO: | J52: =+PRESUPUESTO!$A$15 -> 2.2 | AH52: Nº | AI52: DIMENSIONES | AL52: AREA | AM52: CANT | AN52: UBICACIÓN / DESCRIPCIÓN | AO52: TOTAL
B53: ITEM: | J53: =+PRESUPUESTO!A15 -> 2.2 | L53: =+PRESUPUESTO!C15 -> SUMINISTRO E INSTALACION de pisos en tablon de gress de 30 x 30 o 33 x 33 incluye mortero de pega. | AI53: LARGO | AJ53: ANCHO | AK53: ALTO
AI55: =(18+4.2+2.45) -> 24.65 | AJ55: =(2.65+2.03) -> 4.68 | AL55: =AI55*AJ55 -> 115.362 | AM55: 1 | AN55: AREA 4 | AO55: =AL55*AM55 -> 115.362
AI56: 7.38 | AJ56: 4.2 | AL56: =AI56*AJ56 -> 30.996 | AM56: 1 | AN56: AREA 7 | AO56: =AL56*AM56 -> 30.996
B63: OBSERVACIONES:
AM64: =+J53 -> 2.2 | AN64: TOTAL | AO64: =AO55+AO56 -> 146.358
B68: PROYECTO: | I68: =+PRESUPUESTO!$A$1 -> " MEJORAMIENTO, ADECUACIÓN MENOR Y MANTENIMIENTO DE LA INFRAESTRUCTURA DE LAS INSTITUCIONES EDUCATIVAS URBANAS Y RURALES DEL MUNICIPIO DE SAN JOSÉ DE CÚCUTA" | AC68: FECHA: | AI68: DD | AJ68: MM | AK68: AAAA | AM68: TIPO DE CONTRATO:
AM69: CORTE Nº:
B70: CONTRATISTA | AC70: NIT O C.C. | AM70: UNIDAD | AO70: =PRESUPUESTO!D18 -> M2
B71: CAPITULO: | J71: =PRESUPUESTO!A17 -> 3.0 CUBIERTAS Y ESTRUCTURAS METALICAS | AH71: Nº | AI71: DIMENSIONES | AL71: AREA | AM71: CANT | AN71: UBICACIÓN / DESCRIPCIÓN | AO71: TOTAL
B72: ITEM: | J72: =PRESUPUESTO!A18 -> 3.1 | L72: =PRESUPUESTO!C18 -> MANTENIMIENTO DE TERRAZAS con suministro y aplicación de manto impermeabilizante tipo N 4 o similar, (incluye correccion de pendiente, construccion de mediacañas y desmonte de manto o impermeabilizacion existente en caso de requerirse) | AI72: LARGO | AJ72: ANCHO | AK72: ALTO
AI74: 54.5 | AJ74: 6.3 | AL74: =AI74*AJ74 -> 343.35 | AM74: 1 | AO74: =AM74*AL74 -> 343.35
B84: OBSERVACIONES:
AM85: =+J72 -> 3.1 | AN85: TOTAL | AO85: =SUM(AO73:AO84) -> 343.35
B89: PROYECTO: | I89: =+PRESUPUESTO!$A$1 -> " MEJORAMIENTO, ADECUACIÓN MENOR Y MANTENIMIENTO DE LA INFRAESTRUCTURA DE LAS INSTITUCIONES EDUCATIVAS URBANAS Y RURALES DEL MUNICIPIO DE SAN JOSÉ DE CÚCUTA" | AC89: FECHA: | AI89: DD | AJ89: MM | AK89: AAAA | AM89: TIPO DE CONTRATO:
AM90: CORTE Nº:
B91: CONTRATISTA | AC91: NIT O C.C. | AM91: UNIDAD | AO91: =PRESUPUESTO!D19 -> ML
B92: CAPITULO: | J92: =PRESUPUESTO!A17 -> 3.0 CUBIERTAS Y ESTRUCTURAS METALICAS | AH92: Nº | AI92: DIMENSIONES | AL92: AREA | AM92: CANT | AN92: UBICACIÓN / DESCRIPCIÓN | AO92: TOTAL
B93: ITEM: | J93: =PRESUPUESTO!A19 -> 3.2 | L93: =PRESUPUESTO!C19 -> SUMINISTRO E INSTALACION de baranda en tubo metálico de 11/2" y tensores de 2 filas en tubo metálico de 1", apoyada sobre parales en platina de acero de 2" X 3/16" y anclaje epoxico Hilti RD500 | AI93: LARGO | AJ93: ANCHO | AK93: ALTO
AI95: 10.6 | AM95: 1 | AO95: =AM95*AI95 -> 10.6
B103: OBSERVACIONES:
AM104: =+J93 -> 3.2 | AN104: TOTAL | AO104: =SUM(AO94:AO103) -> 10.6
B108: PROYECTO: | I108: =+PRESUPUESTO!$A$1 -> " MEJORAMIENTO, ADECUACIÓN MENOR Y MANTENIMIENTO DE LA INFRAESTRUCTURA DE LAS INSTITUCIONES EDUCATIVAS URBANAS Y RURALES DEL MUNICIPIO DE SAN JOSÉ DE CÚCUTA" | AC108: FECHA: | AI108: DD | AJ108: MM | AK108: AAAA | AM108: TIPO DE CONTRATO:
AM109: CORTE Nº:
B110: CONTRATISTA | AC110: NIT O C.C. | AM110: UNIDAD | AO110: =PRESUPUESTO!D22 -> M2
B111: CAPITULO: | J111: =PRESUPUESTO!A21 -> 4.0 PINTURA | AH111: Nº | AI111: DIMENSIONES | AL111: AREA | AM111: CANT | AN111: UBICACIÓN / DESCRIPCIÓN | AO111: TOTAL
B112: ITEM: | J112: =PRESUPUESTO!A22 -> 4.1 | L112: =PRESUPUESTO!C22 -> SUMINISTRO DE MATERIALES Y APLICACIÓN DE TRES (3) MANOS DE PINTURA VINILICA PARA MUROS TIPO 1(INCLUYE RESANES) COLOR A ESCOGER. | AI112: LARGO | AJ112: ANCHO | AK112: ALTO
AI114: =(54.5+7.8) -> 62.3 | AK114: 2.8 | AL114: =AI114*AK114 -> 174.44 | AM114: 1 | AO114: =AM114*AL114 -> 174.44
AI115: =20+2.45 -> 22.45 | AK115: 2.8 | AL115: =AI115*AK115 -> 62.86 | AM115: 2 | AO115: =AM115*AL115 -> 125.72
AI116: =18+2.45+1.98 -> 22.43 | AK116: 2.8 | AL116: =AI116*AK116 -> 62.804 | AM116: 1 | AO116: =AM116*AL116 -> 62.804
AI117: =5.3+2.6 -> 7.9 | AK117: 2.8 | AL117: =AI117*AK117 -> 22.12 | AM117: 1 | AO117: =AM117*AL117 -> 22.12
AI118: 5.3 | AK118: 3 | AL118: =AI118*AK118 -> 15.9 | AM118: 2 | AO118: =AM118*AL118 -> 31.8
B124: OBSERVACIONES:
AM125: =+J112 -> 4.1 | AN125: TOTAL | AO125: =SUM(AO113:AO124) -> 416.884
B128: PROYECTO: | I128: =+PRESUPUESTO!$A$1 -> " MEJORAMIENTO, ADECUACIÓN MENOR Y MANTENIMIENTO DE LA INFRAESTRUCTURA DE LAS INSTITUCIONES EDUCATIVAS URBANAS Y RURALES DEL MUNICIPIO DE SAN JOSÉ DE CÚCUTA" | AC128: FECHA: | AI128: DD | AJ128: MM | AK128: AAAA | AM128: TIPO DE CONTRATO:
AM129: CORTE Nº:
B130: CONTRATISTA | AC130: NIT O C.C. | AM130: UNIDAD | AO130: =PRESUPUESTO!D25 -> ML
B131: CAPITULO: | J131: =PRESUPUESTO!A24 -> 5.0 VARIOS | AH131: Nº | AI131: DIMENSIONES | AL131: AREA | AM131: CANT | AN131: UBICACIÓN / DESCRIPCIÓN | AO131: TOTAL
B132: ITEM: | J132: =PRESUPUESTO!A25 -> 5.1 | L132: =PRESUPUESTO!C25 -> SUMINISTRO E INSTALACION de cinta antideslizante | AI132: LARGO | AJ132: ANCHO | AK132: ALTO
AI134: =(10.57/0.6)*5.97 -> 105.1715 | AM134: 1 | AN134: INSTALACIONES INTERVENIDAS | AO134: =AI134 -> 105.1715
B144: OBSERVACIONES:
AM145: =+J132 -> 5.1 | AN145: TOTAL | AO145: =SUM(AO133:AO144) -> 105.1715
B150: PROYECTO: | I150: =+PRESUPUESTO!$A$1 -> " MEJORAMIENTO, ADECUACIÓN MENOR Y MANTENIMIENTO DE LA INFRAESTRUCTURA DE LAS INSTITUCIONES EDUCATIVAS URBANAS Y RURALES DEL MUNICIPIO DE SAN JOSÉ DE CÚCUTA" | AC150: FECHA: | AI150: DD | AJ150: MM | AK150: AAAA | AM150: TIPO DE CONTRATO:
AM151: CORTE Nº:
B152: CONTRATISTA | AC152: NIT O C.C. | AM152: UNIDAD | AO152: =PRESUPUESTO!D26 -> M2
B153: CAPITULO: | J153: =PRESUPUESTO!A24 -> 5.0 VARIOS | AH153: Nº | AI153: DIMENSIONES | AL153: AREA | AM153: CANT | AN153: UBICACIÓN / DESCRIPCIÓN | AO153: TOTAL
B154: ITEM: | J154: =PRESUPUESTO!A26 -> 5.2 | L154: =PRESUPUESTO!C26 -> ASEO GENERAL Y LIMPIEZA EN SUS ALREDEDORES Y AREAS INTERVENIDAS (Incluye pisos y muros de aulas, pasillos y zona de exparcimiento) | AI154: LARGO | AJ154: ANCHO | AK154: ALTO
AL156: 480 | AN156: INSTALACIONES INTERVENIDAS | AO156: =AL156 -> 480
B166: OBSERVACIONES:
AM167: =+J154 -> 5.2 | AN167: TOTAL | AO167: =SUM(AO155:AO166) -> 480

Sheet MEMORIAS DE CALCULOS 
A1: =+PRESUPUESTO!A1 -> " MEJORAMIENTO, ADECUACIÓN MENOR Y MANTENIMIENTO DE LA INFRAESTRUCTURA DE LAS INSTITUCIONES EDUCATIVAS URBANAS Y RURALES DEL MUNICIPIO DE SAN JOSÉ DE CÚCUTA"
A2: CÁLCULO DE CANTIDADES DE OBRA CASA DEL ABUELO
A3: ITEM | H3: 1.1 | I3: 1.2 | J3: =+PRESUPUESTO!#REF! -> #REF! | K3: =+PRESUPUESTO!#REF! -> #REF! | L3: =+PRESUPUESTO!#REF! -> #REF! | M3: =+PRESUPUESTO!#REF! -> #REF! | N3: =+PRESUPUESTO!#REF! -> #REF! | O3: 2.1 | P3: =+PRESUPUESTO!#REF! -> #REF! | Q3: 2.3 | R3: 2.4 | S3: =+PRESUPUESTO!#REF! -> #REF! | T3: =+PRESUPUESTO!#REF! -> #REF! | U3: =+PRESUPUESTO!#REF! -> #REF! | V3: =+PRESUPUESTO!#REF! -> #REF! | W3: =+PRESUPUESTO!#REF! -> #REF! | X3: 3.1 | Y3: 3.2 | Z3: 3.3 | AA3: =+PRESUPUESTO!#REF! -> #REF! | AB3: =+PRESUPUESTO!#REF! -> #REF! | AC3: =+PRESUPUESTO!#REF! -> #REF! | AD3: =+PRESUPUESTO!#REF! -> #REF! | AE3: =+PRESUPUESTO!#REF! -> #REF! | AF3: =+PRESUPUESTO!#REF! -> #REF! | AG3: =+PRESUPUESTO!#REF! -> #REF! | AH3: =+PRESUPUESTO!#REF! -> #REF! | ... AK3: =+PRESUPUESTO!#REF! -> #REF! | AL3: =+PRESUPUESTO!A18 -> 3.1 | AM3: =+PRESUPUESTO!#REF! -> #REF! | AN3: =+PRESUPUESTO!#REF! -> #REF! | AO3: =+PRESUPUESTO!#REF! -> #REF! | AQ3: =+PRESUPUESTO!#REF! -> #REF! | AR3: =+PRESUPUESTO!#REF! -> #REF! | AS3: =+PRESUPUESTO!#REF! -> #REF! | AT3: =+PRESUPUESTO!#REF! -> #REF! | AU3: =+PRESUPUESTO!#REF! -> #REF! | AV3: =+PRESUPUESTO!#REF! -> #REF! | AW3: =+PRESUPUESTO!#REF! -> #REF! | AX3: =+PRESUPUESTO!#REF! -> #REF! | ... BI3: =+PRESUPUESTO!#REF! -> #REF! | BJ3: =+PRESUPUESTO!A26 -> 5.2
A4: UBICACIÓN | B4: MEDIDAS DE | H4: DEMOLICIÓN DE PISO | I4: DEMOLICIÓN DE MURO SENCILLO | J4: =+PRESUPUESTO!#REF! -> #REF! | K4: =+PRESUPUESTO!#REF! -> #REF! | L4: =+PRESUPUESTO!#REF! -> #REF! | M4: RETIRO DE SOBRANTES | N4: =+PRESUPUESTO!#REF! -> #REF! | O4: EXCAVACIÓN MANUAL PARA CIMENTACIONES | P4: =+PRESUPUESTO!#REF! -> #REF! | Q4: SOLADO EN CONCRETO 2500 PSI | R4: CONCRETO CICLOPEO (60% CONCRETO 3000 PSI Y 40% PIEDRA) | S4: =+PRESUPUESTO!#REF! -> #REF! | T4: =+PRESUPUESTO!#REF! -> #REF! | U4: =+PRESUPUESTO!#REF! -> #REF! | V4: =+PRESUPUESTO!#REF! -> #REF! | W4: =+PRESUPUESTO!#REF! -> #REF! | X4: COLUMNAS EN CONCRETO 3.000 PSI. | Y4: VIGUETA DE CONFINAMIENTO EN CONCRETO DE 3000 PSI, SIN REFUERZO | Z4: VIGA CINTA SOBRE MURO EN CONCRETO 3.000 PSI .15X.20 | AA4: =+PRESUPUESTO!#REF! -> #REF! | AB4: =+PRESUPUESTO!#REF! -> #REF! | AC4: =+PRESUPUESTO!#REF! -> #REF! | AD4: =+PRESUPUESTO!#REF! -> #REF! | AE4: =+PRESUPUESTO!#REF! -> #REF! | AF4: CIELO RASO EN PVC | AG4: =+PRESUPUESTO!#REF! -> #REF! | AH4: =+PRESUPUESTO!#REF! -> #REF! | AI4: =+PRESUPUESTO!#REF! -> #REF! | AJ4: =+PRESUPUESTO!#REF! -> #REF! | AK4: =+PRESUPUESTO!#REF! -> #REF! | AL4: =+PRESUPUESTO!C18 -> MANTENIMIENTO DE TERRAZAS con suministro y aplicación de manto impermeabilizante tipo N 4 o similar, (incluye correccion de pendiente, construccion de mediacañas y desmonte de manto o impermeabilizacion existente en caso de requerirse) | AM4: =+PRESUPUESTO!#REF! -> #REF! | AN4: =+PRESUPUESTO!#REF! -> #REF! | AO4: PUERTAS EN VIDRIO DE CRISTAL INCOLORO TEMPALADO DE 10MM CON PERFIL ZOCALO INFERIOR | AQ4: =+PRESUPUESTO!#REF! -> #REF! | AR4: =+PRESUPUESTO!#REF! -> #REF! | AS4: =+PRESUPUESTO!#REF! -> #REF! | AT4: =+PRESUPUESTO!#REF! -> #REF! | AU4: =+PRESUPUESTO!#REF! -> #REF! | AV4: =+PRESUPUESTO!#REF! -> #REF! | AW4: =+PRESUPUESTO!#REF! -> #REF! | AX4: =+PRESUPUESTO!#REF! -> #REF! | ... BI4: =+PRESUPUESTO!#REF! -> #REF! | BJ4: =+PRESUPUESTO!C26 -> ASEO GENERAL Y LIMPIEZA EN SUS ALREDEDORES Y AREAS INTERVENIDAS (Incluye pisos y muros de aulas, pasillos y zona de exparcimiento)
B5: AFECTACIÓN (ML)
B6: AREAS SEGÚN PLANOS | D6: LARGO | E6: ANCHO | F6: ESPESOR ALTURA (H) | G6: #UNIDADES | H6: (M2) | I6: (M2) | J6: (M2) | K6: (M2) | L6: (M2) | M6: (M3) | N6: (ML) | O6: (M3) | P6: M3 | Q6: (M3) | R6: (M3) | S6: (M3) | T6: (M3) | U6: M3 | V6: M3 | W6: M3 | X6: (M3) | Y6: (ML) | Z6: (ML) | AA6: M3 | AB6: M2 | AC6: M2 | AD6: M2 | AE6: M2 | AF6: (M2) | AG6: (M2) | AH6: (M2) | AI6: (M2) | AJ6: (M2) | AK6: (M2) | AL6: UND | AM6: UND | AN6: (M2) | AO6: UND | AQ6: UND | AR6: ML | AU6: UND | AV6: UND | AW6: UND | AY6: ML | AZ6: UND | BA6: ML | BB6: UND | BC6: UND | BD6: UND | BE6: ML | BF6: ML | BG6: ML | BH6: ML | BI6: UND | BJ6: M2
A7: =+PRESUPUESTO!A1 -> " MEJORAMIENTO, ADECUACIÓN MENOR Y MANTENIMIENTO DE LA INFRAESTRUCTURA DE LAS INSTITUCIONES EDUCATIVAS URBANAS Y RURALES DEL MUNICIPIO DE SAN JOSÉ DE CÚCUTA" | B7: 658 | D7: 10.35 | E7: 8.1 | F7: 0.3 | H7: =+(D7*E7)*1.1 -> 92.2185 | I7: =+D7*2.4 -> 24.84 | K7: =+B7 -> 658 | L7: =+B7 -> 658 | M7: =+J13*0.18 -> 10.206
D8: 8.32 | E8: 6.1 | H8: =+D8*E8 -> 50.752 | M8: =+I60*0.12 -> 13.6788 | AB8: =+D8*E8 -> 50.752
D9: 6.1 | F9: 1.5 | I9: =+D9*F9*2 -> 18.3 | M9: =+H60*0.1 -> 14.29705
D10: 14 | F10: 1 | I10: 14 | AE10: =+D10*F14 -> 42
D11: 6.1 | F11: 2.5 | I11: =+D11*F11 -> 15.25
D12: 8.32 | F12: 2.5 | I12: =+(D12*F12)*2 -> 41.6
D13: 50 | E13: 6.3 | F13: 0.18 | J13: =+D13*E13*F13 -> 56.7 | K13: =+D13*E13 -> 315 | N13: =+D13*2+16 -> 116
B14: oficinas | C14: 83 | D14: 12.8 | E14: 8.1 | F14: 3 | N14: =+D14*2 -> 25.6 | AF14: =+(D14*E14)*2 -> 207.36 | AG14: =+C14*2 -> 166
C15: 18 | D15: 7.6 | E15: 3.74 | AF15: =+D15*E15 -> 28.424 | AG15: =+C15 -> 18
C16: 12 | D16: 7 | E16: 2.7 | AF16: =+D16*E16 -> 18.9 | AG16: =+C16 -> 12
C17: 30 | D17: 3 | E17: 3 | AF17: =+D17*E17 -> 9 | AG17: =+C17 -> 30
D18: 23 | E18: 10 | G18: 10 | N18: =+D18*2 -> 46 | AG18: =+D18*E18 -> 230 | AL18: =+G18 -> 10 | AM18: =+G24 -> 4 | BJ18: =+B7+K13 -> 973
D19: 12.35 | E19: 8.1 | G19: 1 | AH19: =+(D19*E19)*2 -> 200.07 | AI19: =+(D19*E19)*2 -> 200.07 | AJ19: =+(D19*E19)*2 -> 200.07
D20: 7.6 | E20: 3.74 | AH20: =+(D20*E20)*2 -> 56.848 | AI20: =+(D20*E20)*2 -> 56.848 | AJ20: =+(D20*E20)*2 -> 56.848 | AO20: =+G30 -> 2 | AQ20: =+G19 -> 1 | AR20: =+D29 -> 12
D21: 6 | E21: 2.7 | AH21: =+D21*E21 -> 16.2 | AI21: =+(D21*E21) -> 16.2 | AJ21: =+(D21*E21) -> 16.2
D22: 3 | E22: 3 | AH22: =+D22*E22 -> 9 | AI22: =+(D22*E22) -> 9 | AJ22: =+(D22*E22) -> 9
D23: 3 | E23: 2.4 | AK23: =+(D23*E23)*12 -> 86.4 | AU23: =+G24 -> 4 | AV23: =+G24 -> 4
D24: =3.7+3.7+2.6+2.6+2.5+2.5+3.5+3.5 -> 24.6 | G24: 4 | AW24: =+G25 -> 2 | AY24: =+D24 -> 24.6 | AZ24: =+G27 -> 6 | BB24: =+G28 -> 6 | BC24: =+G25 -> 2 | BD24: =+G24 -> 4
D25: =20+11.5+21.5+7.45 -> 60.45 | G25: 2 | AI25: =+D25*E25 -> 0 | AJ25: =+D25*E25 -> 0 | AX25: =+G26 -> 1 | BA25: =+D25 -> 60.45
D26: =4+4+3+3+2.5+2.5+3.2+3.4+1.4 -> 27 | G26: 1 | AI26: =+D26*E26 -> 0 | AJ26: =+D26*E26 -> 0 | BE26: =+D26 -> 27
D27: =21+11.5+20 -> 52.5 | G27: 6 | AI27: =+D27*E27 -> 0 | AJ27: =+D27*E27 -> 0 | BF27: =+D27 -> 52.5 | BI27: =+G27 -> 6
D28: 20 | G28: 6 | BG28: =+D28 -> 20
D29: 12 | BH29: =+D29 -> 12
D30: 8.32 | F30: 5 | G30: 2 | AC30: =+(D30*F30)*G30 -> 83.2 | AD30: =+(D30*F30)*4 -> 166.4 | AS30: =+(D30*F30)*4 -> 166.4 | AT30: =+AS30 -> 166.4
D31: 6.1 | F31: 5 | G31: 2 | AC31: =+(D31*F31)*G31 -> 61 | AD31: =+(D31*F31)*4 -> 122 | AS31: =+(D31*F31)*4 -> 122 | AT31: =+AS31 -> 122
D32: 7.6 | F32: 2.4 | G32: 2 | AC32: =+(D32*F32)*G32 -> 36.48 | AD32: =+(D32*F32)*4 -> 72.96 | AS32: =+(D32*F32)*4 -> 72.96 | AT32: =+AS32 -> 72.96
D33: 3.74 | F33: 2.4 | G33: 2 | AC33: =+(D33*F33)*G33 -> 17.952 | AD33: =+(D33*F33) -> 8.976 | AS33: =+(D33*F33)*2 -> 17.952 | AT33: =+AS33 -> 17.952
D34: 6.3 | F34: 4.8 | AC34: =+(D34*F34) -> 30.24 | AD34: =+(D34*F34)*2 -> 60.48 | AS34: =+(D34*F34)*4 -> 120.96 | AT34: =+AS34 -> 120.96
D35: 3.5 | F35: 4.8 | AC35: =+(D35*F35) -> 16.8 | AD35: =+(D35*F35)*2 -> 33.6 | AS35: =+(D35*F35)*4 -> 67.2 | AT35: =+AS35 -> 67.2
D36: 2.3 | F36: 4.8 | G36: 2 | AC36: =+(D36*F36)*G36 -> 22.08 | AD36: =+(D36*F36)*4 -> 44.16 | AS36: =+(D36*F36)*4 -> 44.16 | AT36: =+AS36 -> 44.16
D37: 17.4 | F37: 2.4 | AC37: =+(D37*F37) -> 41.76 | AD37: =+(D37*F37)*2 -> 83.52 | AS37: =+(D37*F37)*2 -> 83.52 | AT37: =+AS37 -> 83.52
D38: 12 | F38: 2.4 | AC38: =+(D38*F38) -> 28.8 | AD38: =+(D38*F38)*2 -> 57.6 | AS38: =+(D38*F38)*2 -> 57.6 | AT38: =+AS38 -> 57.6
D39: 10
D40: 0.8 | E40: 0.8 | F40: 1.25 | G40: 10 | O40: =+(D40*E40*F40)*G40 -> 8 | Q40: =+(D40*E40*0.05)*G40 -> 0.32 | R40: =+(E40*F40*0.3)*G40 -> 3 | T40: =+(D40*E40*0.5)*G40 -> 3.2 | U40: =+(0.3*0.3*0.3)*G40 -> 0.27 | X40: =+(5*0.3*0.3)*G40 -> 4.5
D41: 0.8 | E41: 0.8 | F41: 1.25 | G41: 9 | O41: =+(D41*E41*F41)*G41 -> 7.2 | Q41: =+(D41*E41*0.05)*G41 -> 0.288 | R41: =+(E41*F41*0.3)*G41 -> 2.7 | T41: =+(D41*E41*0.5)*G41 -> 2.88 | U41: =+(0.3*0.3*0.3)*G41 -> 0.243 | X41: =+(3*0.25*0.25)*G41 -> 1.6875
D42: 19.7 | E42: 0.3 | F42: 0.3 | G42: 12 | O42: =+(D42*E42*F42)*G42 -> 21.276 | Q42: =+(D42*E42*0.05)*G42 -> 3.546 | R42: =+(E42*F42*0.3)*G42 -> 0.324 | AA42: =+(3.1415*0.15*0.15*5)*G42 -> 4.241025
D43: 0.5 | E43: 0.5 | F43: 0.8 | G43: 7 | O43: =+(D43*E43*F43)*G43 -> 1.4 | Q43: =+(D43*E43*0.05)*G43 -> 0.0875 | R43: =+(E43*F43*0.3)*G43 -> 0.84 | T43: =+(D43*E43*0.35)*G43 -> 0.6125 | U43: =+(0.3*0.3*0.3)*G43 -> 0.189 | X43: =+(3*0.25*0.25)*G43 -> 1.3125
D44: 0.6 | E44: 0.6 | F44: 1.25 | G44: 4 | O44: =+(D44*E44*F44)*G44 -> 1.8 | Q44: =+(D44*E44*0.05)*G44 -> 0.072 | R44: =+(E44*F44*0.3)*G44 -> 0.9 | T44: =+(D44*E44*0.35)*G44 -> 0.504 | U44: =+(0.3*0.3*0.3)*G44 -> 0.108 | X44: =+(2.5*0.25*0.25)*G44 -> 0.625
D45: 0.5 | E45: 0.5 | F45: 0.6 | G45: 4 | O45: =+(D45*E45*F45)*G45 -> 0.6 | Q45: =+(D45*E45*0.05)*G45 -> 0.05 | R45: =+(E45*F45*0.3)*G45 -> 0.36 | T45: =+(D45*E45*0.3)*G45 -> 0.3 | U45: =+(0.3*0.3*0.3)*G45 -> 0.108 | X45: =+(2.5*0.25*0.25)*G45 -> 0.625
D46: 28.8 | E46: 0.3 | F46: 0.3 | O46: =+(D46*E46*F46) -> 2.592 | Q46: =+D46*E46*0.05 -> 0.432 | R46: =+D46*E46*0.3 -> 2.592 | S46: =+D46*0.25*0.25 -> 1.8 | Y46: =+D46*2 -> 57.6
D47: 17 | E47: 0.3 | F47: 0.3 | O47: =+(D47*E47*F47) -> 1.53 | Q47: =+D47*E47*0.05 -> 0.255 | R47: =+D47*E47*0.3 -> 1.53 | S47: =+D47*0.25*0.25 -> 1.0625 | Y47: =+D47 -> 17
D48: 22.3 | E48: 0.3 | F48: 0.3 | O48: =+(D48*E48*F48) -> 2.007 | Q48: =+D48*E48*0.05 -> 0.3345 | R48: =+D48*E48*0.3 -> 2.007 | S48: =+D48*0.25*0.25 -> 1.39375 | Y48: =+D48 -> 22.3
D49: 16 | E49: 0.3 | F49: 0.3 | O49: =+(D49*E49*F49) -> 1.44 | Q49: =+D49*E49*0.05 -> 0.24 | R49: =+D49*E49*0.3 -> 1.44 | S49: =+D49*0.25*0.25 -> 1 | Y49: =+D49 -> 16
D50: 12 | E50: 0.3 | F50: 0.3 | O50: =+(D50*E50*F50) -> 1.08 | Q50: =+D50*E50*0.05 -> 0.18 | R50: =+D50*E50*0.3 -> 1.08 | S50: =+D50*0.25*0.25 -> 0.75 | Y50: =+D50 -> 12
D51: 14 | E51: 0.3 | F51: 0.3 | O51: =+(D51*E51*F51) -> 1.26 | Q51: =+D51*E51*0.05 -> 0.21 | R51: =+D51*E51*0.3 -> 1.26 | S51: =+D51*0.25*0.25 -> 0.875 | Y51: =+D51 -> 14 | Z51: =+D51 -> 14
D52: 22 | E52: 7.6 | F52: 0.2 | N52: =+D52*2 -> 44 | P52: =+(D52*E52*F52) -> 33.44 | W52: =+D52*E52*0.45 -> 75.24
D53: 22 | E53: 6.2 | F53: 0.4 | P53: =+(D53*E53*F53) -> 54.56
D54: 50 | E54: 6.5 | F54: 0.3 | P54: =+(D54*E54*F54) -> 97.5
D55: 4 | E55: 3 | F55: 0.3 | N55: =+D55*2 -> 8 | P55: =+(D55*E55*F55)*2 -> 7.2
D56: 8 | E56: 6 | F56: 0.45 | W56: =+D56*E56*F56 -> 21.6
D57: 6 | E57: 2.7 | F57: 0.45 | W57: =+D57*E57*F57 -> 7.29
D58: 3 | E58: 3 | F58: 0.45 | N58: =+D58*2 -> 6 | W58: =+D58*E58*F58 -> 4.05
A60: SUMATORIA TOTAL | B60: =+B7+B20 -> 658 | D60: =SUM(D7:D58) -> 710.35 | E60: =+SUM(E7:E20) -> 59.88 | F60: =+SUM(F7:F20) -> 10.98 | H60: =+SUM(H7:H8) -> 142.9705 | I60: =+SUM(I7:I20) -> 113.99 | J60: =+J13 -> 56.7 | K60: =SUM(K7:K20) -> 973 | L60: =+SUM(L7) -> 658 | M60: =+(J60+M7+M8+M9)*1.3 -> 123.3464 | N60: =+SUM(N13:N58) -> 245.6 | O60: =+SUM(O40:O51) -> 50.185 | P60: =+SUM(P52:P55) -> 192.7 | Q60: =SUM(Q40:Q51) -> 6.015 | R60: =+SUM(R40:R51) -> 18.033 | S60: =+SUM(S46:S51) -> 6.88125 | T60: =+SUM(T40:T45) -> 7.4965 | U60: =+SUM(U40:U45) -> 0.918 | V60: =+(O60+P60)*1.3 -> 315.7505 | W60: =+SUM(W52:W58) -> 108.18 | X60: =+SUM(X40:X45) -> 8.75 | Y60: =+SUM(Y46:Y51) -> 138.9 | Z60: =+SUM(Z51) -> 14 | AA60: =+SUM(AA42) -> 4.241025 | AB60: =+SUM(AB8)*2 -> 101.504 | AC60: =+SUM(AC30:AC38) -> 338.312 | AD60: =+SUM(AD30:AD38) -> 649.696 | AE60: =+SUM(AE10) -> 42 | AF60: =+SUM(AF14:AF17) -> 263.684 | AG60: =+SUM(AG14:AG21) -> 456 | AH60: =+SUM(AH19:AH22) -> 282.118 | AI60: =+SUM(AI19:AI22) -> 282.118 | AJ60: =+SUM(AJ19:AJ22) -> 282.118 | AK60: =+AK23 -> 86.4 | AL60: =+AL18 -> 10 | AM60: =+AM18 -> 4 | AO60: =+AO20 -> 2 | AQ60: =+AQ20 -> 1 | AR60: =+D39 -> 10 | AS60: =+SUM(AS30:AS38) -> 752.752 | AT60: =+SUM(AT30:AT38) -> 752.752 | AU60: =+SUM(AU23) -> 4 | AV60: =+SUM(AV23) -> 4 | AW60: =+SUM(AW24) -> 2 | AX60: =+AX25 -> 1 | AY60: =+SUM(AY24) -> 24.6 | AZ60: =+AZ24 -> 6 | BA60: =+BA25 -> 60.45 | BB60: =+BB24 -> 6 | BC60: =+BC24 -> 2 | BD60: =+BD24 -> 4 | BE60: =+BE26 -> 27 | BF60: =+BF27 -> 52.5 | BG60: =+BG28 -> 20 | BH60: =+BH29 -> 12 | BI60: =+BI27 -> 6
E67: MARIA DEL ROSARIO BERMUDEZ GAMEZ | O67: JESÚS NABOR HINCAPIE VERA
E68: Ing. Civil-Especialista en Diseño y Evaluación de Proyectos | O68: Secretario de Infraestructura Municipal
E69: M.P. N° 20202-354230 CES. | O69: Fecha revision: Abril de 2021

Sheet MEMORIAS ELE-VARI-AGUA-MOB
A1: =+PRESUPUESTO!A1 -> " MEJORAMIENTO, ADECUACIÓN MENOR Y MANTENIMIENTO DE LA INFRAESTRUCTURA DE LAS INSTITUCIONES EDUCATIVAS URBANAS Y RURALES DEL MUNICIPIO DE SAN JOSÉ DE CÚCUTA"
A2: CÁLCULO DE CANTIDADES DE OBRA CASA DEL ABUELO
A3: ITEM | H3: =+PRESUPUESTO!#REF! -> #REF! | I3: =+PRESUPUESTO!#REF! -> #REF! | J3: =+PRESUPUESTO!#REF! -> #REF! | K3: =+PRESUPUESTO!#REF! -> #REF! | L3: =+PRESUPUESTO!#REF! -> #REF! | M3: =+PRESUPUESTO!#REF! -> #REF! | N3: =+PRESUPUESTO!#REF! -> #REF! | O3: =+PRESUPUESTO!#REF! -> #REF! | ... AL3: =+PRESUPUESTO!#REF! -> #REF! | AN3: =+PRESUPUESTO!#REF! -> #REF! | AO3: =+PRESUPUESTO!#REF! -> #REF! | AP3: =+PRESUPUESTO!#REF! -> #REF! | AQ3: =+PRESUPUESTO!#REF! -> #REF! | AR3: =+PRESUPUESTO!#REF! -> #REF! | AS3: =+PRESUPUESTO!#REF! -> #REF!
A4: UBICACIÓN | B4: MEDIDAS DE | H4: =+PRESUPUESTO!#REF! -> #REF! | I4: =+PRESUPUESTO!#REF! -> #REF! | J4: =+PRESUPUESTO!#REF! -> #REF! | K4: =+PRESUPUESTO!#REF! -> #REF! | L4: =+PRESUPUESTO!#REF! -> #REF! | M4: =+PRESUPUESTO!#REF! -> #REF! | N4: =+PRESUPUESTO!#REF! -> #REF! | O4: =+PRESUPUESTO!#REF! -> #REF! | ... S4: =+PRESUPUESTO!#REF! -> #REF! | T4: ESCRITORIO GERENTE DE 1.80M*1.50M | U4: PUESTO DE TRABAJO 1.20X0.60 CON ARCHIVADOR SUPERFICIE 1 EN TABLEX DE 25MM EN LAMINADO DECORATIVO DE ALTA PRESION | V4: =+PRESUPUESTO!#REF! -> #REF! | W4: SILLA PRESIDENCIAL BASE CROMADA CON RESPALDO ALTO Y CABECERO REGULACION DE ALTURA | X4: =+PRESUPUESTO!#REF! -> #REF! | Y4: =+PRESUPUESTO!#REF! -> #REF! | Z4: =+PRESUPUESTO!#REF! -> #REF! | AA4: =+PRESUPUESTO!#REF! -> #REF! | AB4: =+PRESUPUESTO!#REF! -> #REF! | AC4: =+PRESUPUESTO!#REF! -> #REF! | AD4: =+PRESUPUESTO!#REF! -> #REF! | AE4: =+PRESUPUESTO!#REF! -> #REF! | ... AL4: =+PRESUPUESTO!#REF! -> #REF! | AN4: =+PRESUPUESTO!#REF! -> #REF! | AO4: =+PRESUPUESTO!#REF! -> #REF! | AP4: =+PRESUPUESTO!#REF! -> #REF! | AQ4: =+PRESUPUESTO!#REF! -> #REF! | AR4: =+PRESUPUESTO!#REF! -> #REF! | AS4: =+PRESUPUESTO!#REF! -> #REF!
B5: AFECTACIÓN (ML)
B6: AREAS SEGÚN PLANOS | D6: LARGO | E6: ANCHO | F6: ESPESOR ALTURA (H) | G6: #UNIDADES | H6: UND | I6: UND | J6: UND | K6: UND | L6: UND | M6: ML | N6: UND | O6: UND | P6: UND | Q6: ML | R6: (M3) | S6: UND | T6: UND | U6: UND | V6: UND | W6: UND | X6: UND | Y6: UND | Z6: UND | AA6: UND | AB6: UND | AC6: UND | AD6: UND | AE6: UND | AF6: UND | AG6: UND | AH6: UND | AI6: UND | AJ6: UND | AK6: UND | AL6: UND | AN6: UND | AO6: M3 | AP6: M3 | AQ6: UND | AR6: UND | AS6: UND
A7: =+PRESUPUESTO!A1 -> " MEJORAMIENTO, ADECUACIÓN MENOR Y MANTENIMIENTO DE LA INFRAESTRUCTURA DE LAS INSTITUCIONES EDUCATIVAS URBANAS Y RURALES DEL MUNICIPIO DE SAN JOSÉ DE CÚCUTA" | D7: 20 | G7: 1 | H7: =+G7 -> 1 | Q7: =+D7+D8 -> 40
D8: 20 | G8: 18 | I8: 20 | R8: =+D8 -> 20
G9: 32 | J9: 22 | S9: =+G15 -> 3
G10: 15 | K10: 9 | T10: =+G13 -> 3 | U10: =+G15 -> 3
G11: 8 | L11: 6 | V11: =+G11 -> 8
D12: 60 | G12: 2 | M12: 100 | N12: 1
G13: 3 | O13: 5 | W13: =+G13 -> 3
G14: 32 | P14: 22
G15: 3
G16: 5 | X16: =+G16 -> 5
G17: 9 | Y17: =+G17 -> 9 | Z17: =+G17 -> 9
G18: 22 | AA18: =+G18 -> 22 | AB18: =+G11 -> 8
G19: 6 | AC19: =+G19 -> 6 | AD19: =+G16 -> 5 | AE19: =+G20 -> 4 | AF19: =+G12 -> 2 | AG19: =+G21 -> 2 | AH19: =+G12 -> 2 | AI19: =+'MEMORIAS ELE-VARI-AGUA-MOB'!G20 -> 4 | AJ19: 2 | AK19: =+G12 -> 2 | AL19: =+G12 -> 2 | AN19: 2 | AO19: =+(B22+B23)*F22 -> 4.4
G20: 4 | AP20: =+B23*F23 -> 6.3 | AQ20: =+G22 -> 10 | AR20: 4
G21: 2
B22: 23 | F22: 0.1 | G22: 10
B23: 21 | F23: 0.3 | G23: 3
G24: 2 | AS24: 3
A39: SUMATORIA TOTAL | B39: =+B7+B20 -> 0 | D39: =SUM(D7:D29) -> 100 | E39: =+SUM(E7:E20) -> 0 | F39: =+SUM(F7:F20) -> 0 | H39: =SUM(H7:H20) -> 1 | I39: =+SUM(I8) -> 20 | J39: =+SUM(J7:J9) -> 22 | K39: =+SUM(K10:K14) -> 9 | L39: =SUM(L7:L20) -> 6 | M39: =SUM(M7:M20) -> 100 | N39: =+N12 -> 1 | O39: =SUM(O7:O20) -> 5 | P39: =SUM(P7:P20) -> 22 | Q39: =+Q7 -> 40 | R39: =+SUM(R8) -> 20 | S39: =+SUM(S9) -> 3 | T39: =+SUM(T10) -> 3 | U39: =+SUM(U7:U24) -> 3 | V39: =+SUM(V7:V24) -> 8 | W39: =+SUM(W7:W24) -> 3 | X39: =+SUM(X7:X24) -> 5 | Y39: =+SUM(Y17:Y20) -> 9 | Z39: =+SUM(Z14:Z21) -> 9 | AA39: =+SUM(AA18:AA21) -> 22 | AB39: =+SUM(AB18:AB21) -> 8 | AC39: =+SUM(AC19:AC22) -> 6 | AD39: =+AD19 -> 5 | AE39: =+AE19 -> 4 | AF39: =+AF19 -> 2 | AG39: =+AG19 -> 2 | AH39: =+AH19 -> 2 | AI39: =+AI19 -> 4 | AJ39: =+AJ19 -> 2 | AK39: =+AK19 -> 2 | AL39: =+AL19 -> 2 | AN39: =+AN19 -> 2 | AO39: =+SUM(AO19) -> 4.4 | AP39: =+SUM(AP20) -> 6.3 | AQ39: =+SUM(AQ20) -> 10 | AR39: =+SUM(AR20) -> 4 | AS39: =+AS24 -> 3
E46: MARIA DEL ROSARIO BERMUDEZ GAMEZ | L46: JESÚS NABOR HINCAPIE VERA
E47: Ing. Civil-Especialista en Diseño y Evaluación de Proyectos | L47: Secretario de Infraestructura Municipal
E48: M.P. N° 20202-354230 CES. | L48: Fecha revision: Abril de 2021

Sheet APUS 
A1: ANALISIS DE PRECIOS UNITARIOS
B3: PROPONENTE | C3: ALCALDIA DE CÚCUTA
B4: OBRA | C4: =PRESUPUESTO!A1 -> " MEJORAMIENTO, ADECUACIÓN MENOR Y MANTENIMIENTO DE LA INFRAESTRUCTURA DE LAS INSTITUCIONES EDUCATIVAS URBANAS Y RURALES DEL MUNICIPIO DE SAN JOSÉ DE CÚCUTA"
B5: =PRESUPUESTO!G4 -> FECHA: JULIO 2023
B6: ITEM: | C6: =+PRESUPUESTO!A11 -> 1.1 | D6: =+PRESUPUESTO!C11 -> DESMONTE, DEMOLICIONES Y RETIRO DE ALISTADO O PLANTILLA DE NIVELACION DE PISO (TORTA) CONSIDERANDO EL ESTADO DE LA MISMA EN EL SITIO
B7: 1 - EQUIPO | G7: UNIDAD | H7: =PRESUPUESTO!D11 -> M2
B8: DESCRIPCION | C8: UND | D8: VALOR | E8: RENDIMIENTO | F8: % | G8: VALOR PARCIAL
B9: HERRAMIENTAS MENORES | C9: %MO | D9: 0.08 | E9: =H26 -> 15633.333 | G9: =+E9*D9 -> 1250.6667
E10: SUB - TOTAL EQUIPOS | H10: =SUM(G9:G9) -> 1250.6667
B11: 2 - MATERIALES
B12: DESCRIPCION | C12: UNIDAD | D12: CANTIDAD | E12: VR. UNITARIO | F12: % | G12: VALOR PARCIAL
E16: SUB - TOTAL MATERIALES | H16: =SUM(G13:G15) -> 0
B17: 3 - TRANSPORTE
B18: DESCRIPCION | C18: VOL. PESO o CANT. | D18: DISTANCIA | E18: VR. UNITARIO | F18: M3-KM | G18: VALOR PARCIAL
B19: CARGUE Y RETIRO Y ACOMODACION 5km | C19: 0.2 | D19: 1 | E19: 6780 | F19: =C19*D19 -> 0.2 | G19: =E19*F19 -> 1356
E21: SUB - TOTAL MANO DE OBRA | H21: =SUM(G19:G20) -> 1356
B22: 4 - MANO DE OBRA
B23: DESCRIPCION | C23: UNIDAD | D23: CANTIDAD | E23: VR. UNITARIO | F23: % | G23: VALOR PARCIAL
B24: Cuadrilla (1) oficial x (1) ayudante | C24: hc | D24: =1/17.4 -> 0.057471264 | E24: 116580 | G24: =+D24*E24 -> 6700
B25: (1) Ayudante de construcción | C25: hc | D25: =1/17.4 -> 0.057471264 | E25: 155440 | G25: =D25*E25 -> 8933.3333
E26: SUB - TOTAL MANO DE OBRA | H26: =SUM(G24:G25) -> 15633.333
E28: VALOR COSTO DIRECTO | H28: =SUM(H10,H16,H21,H26) -> 18240
A31: ANALISIS DE PRECIOS UNITARIOS
B33: PROPONENTE | C33: =C3 -> ALCALDIA DE CÚCUTA
B34: OBRA | C34: =PRESUPUESTO!A1 -> " MEJORAMIENTO, ADECUACIÓN MENOR Y MANTENIMIENTO DE LA INFRAESTRUCTURA DE LAS INSTITUCIONES EDUCATIVAS URBANAS Y RURALES DEL MUNICIPIO DE SAN JOSÉ DE CÚCUTA"
B35: FECHA: JULIO DE 2023
B36: ITEM: | C36: =PRESUPUESTO!A14 -> 2.1 | D36: =PRESUPUESTO!C14 -> SUMINISTRO DE MATERIALES Y HECHURA DE PLANTILLA DE NIVELACION Y/O AFINADO DE PISO EN MORTERO 1:3 PARA PEGA DEL NUEVO ACABADO DE PISO, ESPESOR MÍNIMO DE 3 CMS. INCLUYE EL RETIRO DE IRREGULARIDADES QUE PUEDAN QUEDAR DESPUES DE DEMOLER EL ACTUAL ACABADO Y LA PLANTILLA DE PISO.
B37: 1 - EQUIPO | G37: UNIDAD | H37: =PRESUPUESTO!D14 -> M2
B38: DESCRIPCION | C38: UND | D38: RENDIMIENTO | E38: VALOR | F38: % | G38: VALOR PARCIAL
B39: HERRAMIENTAS MENORES | C39: %MO | D39: 0.08 | E39: =H56 -> 2729 | G39: =+E39*D39 -> 218.32
E41: SUB - TOTAL EQUIPOS | H41: =ROUND(SUM(G39:G40),0) -> 218
B42: 2 - MATERIALES
B43: DESCRIPCION | C43: UNIDAD | D43: CANTIDAD | E43: VR. UNITARIO | F43: % | G43: VALOR PARCIAL
B44: CEMENTO | C44: BULTO | D44: 1 | E44: 22173 | G44: =+E44*D44 -> 22173
B45: ARENA | C45: M3 | E45: 50806.328 | G45: =+E45*D45 -> 0
H47: =ROUND(SUM(G44:G46),0) -> 22173
B48: 3-TRANSPORTE | E48: SUB - TOTAL MATERIALES
B49: DESCRIPCION | C49: VOL. PESO o CANT. | D49: DISTANCIA | E49: VR. UNITARIO | F49: M3-KM | G49: VALOR PARCIAL
B50: CARGUE Y RETIRO Y ACOMODACION 5km | C50: 0.1 | D50: 1 | E50: 6780 | F50: 0.1 | G50: =E50*F50 -> 678
H51: =ROUND(G50,0) -> 678
B52: 4-MANO DE OBRA | E52: SUB - TOTAL MANO DE OBRA
B53: DESCRIPCION | C53: UNIDAD | D53: CANTIDAD | E53: VR. UNITARIO | F53: % | G53: VALOR PARCIAL
B54: (1) Oficial de construcción | C54: hc | E54: 116580 | F54: =1/71.2 -> 0.014044944 | G54: =E54*F54 -> 1637.3596
B55: (1) Ayudante de construcción | C55: hc | E55: 77720 | F55: =1/71.2 -> 0.014044944 | G55: =E55*F55 -> 1091.573
H56: =ROUND(SUM(G54:G55),0) -> 2729
E57: SUB - TOTAL MANO DE OBRA
H58: =+H41+H47+H56+H51 -> 25798
A61: ANALISIS DE PRECIOS UNITARIOS
B62: PROPONENTE | C62: =C3 -> ALCALDIA DE CÚCUTA
B63: OBRA | C63: =PRESUPUESTO!A1 -> " MEJORAMIENTO, ADECUACIÓN MENOR Y MANTENIMIENTO DE LA INFRAESTRUCTURA DE LAS INSTITUCIONES EDUCATIVAS URBANAS Y RURALES DEL MUNICIPIO DE SAN JOSÉ DE CÚCUTA"
B64: FECHA: JULIO DE 2023
B65: ITEM: | C65: =PRESUPUESTO!A15 -> 2.2 | D65: =PRESUPUESTO!C15 -> SUMINISTRO E INSTALACION de pisos en tablon de gress de 30 x 30 o 33 x 33 incluye mortero de pega.
B66: 1 - EQUIPO | G66: UNIDAD | H66: M2
B67: DESCRIPCION | C67: UND | D67: RENDIMIENTO | E67: VALOR | F67: % | G67: VALOR PARCIAL
B68: HERRAMIENTAS MENORES | C68: %MO | D68: 0.08 | E68: =H87 -> 21589 | G68: =E68*D68 -> 1727.12
E70: SUB - TOTAL EQUIPOS | H70: =ROUND(SUM(G68:G69),0) -> 1727
B71: 2 - MATERIALES
B72: DESCRIPCION | C72: UNIDAD | D72: CANTIDAD | E72: VR. UNITARIO | F72: % | G72: VALOR PARCIAL
B73: ENCHAPE TABLON DE GRES | C73: M2 | D73: 1.1 | E73: 35675.402 | G73: =E73*D73 -> 39242.943
B74: PEGACORD 8 KG | C74: BULTO | D74: 0.34 | E74: 14080.94 | G74: =E74*D74 -> 4787.5196
B75: PEGA PARA EMBOQUILLAR | C75: KG | D75: 0.1 | E75: 20047.44 | G75: =E75*D75 -> 2004.744
E77: SUB - TOTAL MATERIALES | H77: =ROUND(SUM(G73:G76),0) -> 46035
B78: 3 - TRANSPORTE
B79: DESCRIPCION | C79: VOL. PESO o CANT. | D79: DISTANCIA | E79: VR. UNITARIO | F79: M3-KM | G79: VALOR PARCIAL
B80: CARGUE Y RETIRO Y ACOMODACION 5km | C80: 0.1 | D80: 1 | E80: 6780 | F80: 0.1 | G80: =E80*F80 -> 678
E82: SUB - TOTAL MANO DE OBRA | H82: =ROUND(SUM(G80:G81),0) -> 678
B83: 4 - MANO DE OBRA
B84: DESCRIPCION | C84: UNIDAD | D84: CANTIDAD | E84: VR. UNITARIO | F84: % | G84: VALOR PARCIAL
B85: (1) Oficial de construcción | C85: hc | D85: =1/9 -> 0.11111111 | E85: 116580 | G85: =+D85*E85 -> 12953.333
B86: (1) Ayudante de construcción | D86: =1/9 -> 0.11111111 | E86: 77720 | G86: =D86*E86 -> 8635.5556
E87: SUB - TOTAL MANO DE OBRA | H87: =ROUND(SUM(G85:G86),0) -> 21589
E89: VALOR COSTO DIRECTO | H89: =SUM(H70,H77,H82,H87) -> 70029
A91: ANALISIS DE PRECIOS UNITARIOS
B92: PROPONENTE | C92: =C33 -> ALCALDIA DE CÚCUTA
B93: OBRA | C93: =PRESUPUESTO!A1 -> " MEJORAMIENTO, ADECUACIÓN MENOR Y MANTENIMIENTO DE LA INFRAESTRUCTURA DE LAS INSTITUCIONES EDUCATIVAS URBANAS Y RURALES DEL MUNICIPIO DE SAN JOSÉ DE CÚCUTA"
B94: FECHA: JULIO DE 2023
B95: ITEM: | C95: =PRESUPUESTO!A18 -> 3.1 | D95: =PRESUPUESTO!C18 -> MANTENIMIENTO DE TERRAZAS con suministro y aplicación de manto impermeabilizante tipo N 4 o similar, (incluye correccion de pendiente, construccion de mediacañas y desmonte de manto o impermeabilizacion existente en caso de requerirse)
B96: 1 - EQUIPO | G96: UNIDAD | H96: M2
B97: DESCRIPCION | C97: UND | D97: RENDIMIENTO | E97: VALOR | F97: % | G97: VALOR PARCIAL
B98: HERRAMIENTAS MENORES | C98: %MO | D98: 0.12 | E98: =H117 -> 9067 | G98: =E98*D98 -> 1088.04
B99: ANDAMIOS | D99: 0.1 | E99: 27800 | G99: =D99*E99 -> 2780
E100: SUB - TOTAL EQUIPOS | H100: =ROUND(SUM(G98:G99),0) -> 3868
B101: 2 - MATERIALES
B102: DESCRIPCION | C102: UNIDAD | D102: CANTIDAD | E102: VR. UNITARIO | F102: % | G102: VALOR PARCIAL
B103: MANTO PARA TERRAZAS | C103: ML | D103: 1 | E103: 55663.497 | G103: =E103*D103 -> 55663.497
B104: EMULSION PARA TERRAZAS | C104: GL | D104: 1 | E104: 10664.1 | G104: =E104*D104 -> 10664.1
E107: SUB - TOTAL MATERIALES | H107: =ROUND(SUM(G103:G106),0) -> 66328
B108: 3 - TRANSPORTE
B109: DESCRIPCION | C109: VOL. PESO o CANT. | D109: DISTANCIA | E109: VR. UNITARIO | F109: M3-KM | G109: VALOR PARCIAL
E112: SUB - TOTAL MANO DE OBRA | H112: =ROUND(SUM(G110:G111),0) -> 0
B113: 4 - MANO DE OBRA
B114: DESCRIPCION | C114: UNIDAD | D114: CANTIDAD | E114: VR. UNITARIO | F114: % | G114: VALOR PARCIAL
B115: (1) Oficial de construcción | C115: hc | D115: =1/30 -> 0.033333333 | E115: 272021.34 | G115: =+D115*E115 -> 9067.378
E117: SUB - TOTAL MANO DE OBRA | H117: =ROUND(SUM(G115:G116),0) -> 9067
E119: VALOR COSTO DIRECTO | H119: =SUM(H100,H107,H112,H117) -> 79263
A121: ANALISIS DE PRECIOS UNITARIOS
B122: PROPONENTE | C122: =C3 -> ALCALDIA DE CÚCUTA
B123: OBRA | C123: =PRESUPUESTO!A1 -> " MEJORAMIENTO, ADECUACIÓN MENOR Y MANTENIMIENTO DE LA INFRAESTRUCTURA DE LAS INSTITUCIONES EDUCATIVAS URBANAS Y RURALES DEL MUNICIPIO DE SAN JOSÉ DE CÚCUTA"
B124: FECHA: JULIO DE 2023
B125: ITEM: | C125: =PRESUPUESTO!A19 -> 3.2 | D125: =PRESUPUESTO!C19 -> SUMINISTRO E INSTALACION de baranda en tubo metálico de 11/2" y tensores de 2 filas en tubo metálico de 1", apoyada sobre parales en platina de acero de 2" X 3/16" y anclaje epoxico Hilti RD500
...
